 Dungeon Crawl Stone Soup version 0.29.1-12-g30fa7ad0bf (webtiles) character file.

Game seed: 2723670538333193476

7 CaptainMV the Chucker (level 1, -2/13 HPs)
             Began as a Demonspawn Wanderer on Dec 24, 2022.
             Frozen to death by an endoplasm (4 damage)
             ... on level 1 of the Dungeon.
             The game lasted 00:01:33 (122 turns).

CaptainMV the Chucker (Demonspawn Wanderer)          Turns: 122, Time: 00:01:33

Health: -2/13      AC:  2    Str: 13    XL:     1   Next: 91%
Magic:  3/3        EV: 11    Int: 14    God:
Gold:   21         SH:  0    Dex: 10    Spells: 3/4 levels left

rFire   . . .      SeeInvis .   a - +2 dagger
rCold   . . .      Faith    .   (no shield)
rNeg    . . .      Spirit   .   e - +0 robe
rPois   .          Reflect  .   (no helmet)
rElec   .          Harm     .   (no cloak)
rCorr   .          Rampage  .   (no gloves)
Will    .....                   (no boots)
Stlth   +.........              g - amulet of regeneration
HPRegen 0.04/turn               (no ring)
MPRegen 0.08/turn               (no ring)

@: no status effects
A: no striking features
a: no special abilities


You were on level 1 of the Dungeon.
You visited 1 branch of the dungeon, and saw 1 of its levels.

You collected 21 gold pieces.

Inventory:

Hand Weapons
 a - a +2 dagger (weapon)
Missiles
 b - 3 curare-tipped darts (quivered)
Armour
 e - a +0 robe (worn)
Jewellery
 g - an amulet of regeneration (around neck)
Wands
 c - a wand of flame (6)
Scrolls
 d - a scroll of teleportation
 f - a scroll of butterflies {unknown}
 h - a scroll of amnesia {unknown}


   Skills:
 + Level 4.0 Throwing
 + Level 1.0 Dodging
 + Level 2.0 Spellcasting
 + Level 1.0 Summonings
 + Level 1.2 Invocations
 + Level 1.0 Evocations


You had 3 spell levels left.
You knew the following spells:

 Your Spells              Type           Power      Damage    Failure   Level
a - Summon Small Mammal   Summ           16%        N/A       16%         1

Your spell library contained the following spells:

 Spells                   Type           Power      Damage    Failure   Level
 Static Discharge         Conj/Air       1%         3-4/arc   34%         2
 Summon Guardian Golem    Hex/Summ       2%         N/A       50%         3
 Dispel Undead            Necr           1%         3d6       93%         4
 Sticky Flame             Conj/Fire      1%         2d3       93%         4


Dungeon Overview and Level Annotations

Branches:
Dungeon (1/15)

Altars:


Message History

The hobgoblin is heavily wounded.
Your bat hits the hobgoblin. The hobgoblin closely misses you.
Your bat hits the hobgoblin but does no damage.
You hit the hobgoblin.
The hobgoblin is almost dead.
Your bat closely misses the hobgoblin. x2; Your bat misses the hobgoblin.
The hobgoblin closely misses you.
You barely miss the hobgoblin.
The hobgoblin is almost dead.
Your bat misses the hobgoblin. The hobgoblin hits you.
* * * LOW HITPOINT WARNING * * *
You hit the hobgoblin.
You kill the hobgoblin!
Your bat barely misses the ball python. x2
You see here a book of Touch.
You hit the ball python.
The ball python is severely wounded.
Your bat disappears in a puff of smoke!
The ball python bites you but does no damage.
The ball python barely misses you.
You hit the ball python.
You kill the ball python!
Your Throwing skill increases to level 4!
Things that are here:
a +0 dagger; a ball python corpse You pick up a book of Touch and begin reading...
You add the spells Static Discharge, Sticky Flame and Dispel Undead to your library.
g - an amulet of regeneration You start putting on your amulet.
You continue putting on your amulet of regeneration. x5
You finish putting on your amulet of regeneration.
The amulet cannot attune itself to your injured body.
g - an amulet of regeneration (around neck)
You see here a +0 long sword.
An endoplasm comes into view.
You see here a scroll labelled YSTYAT GINEZ.
h - a scroll labelled YSTYAT GINEZ The endoplasm freezes you.
You are frozen.
You die...

##### ###....
####### #...###
#.....#######.#.#
#...............#
#..#......#.....#
#.J#_..)..#...#.#
#.@#......#.).#...
#...............#..
#..................
#..#$..#..#.....#..
#..#?..#..#.....# .
#..#...#.)#.###.#
#.................
#..#########......
##. #....


You could see an endoplasm.

Vanquished Creatures
  A ball python (D:1)
  A giant cockroach (D:1)
  2 goblins (D:1)
  A hobgoblin (D:1)
5 creatures vanquished.

Vanquished Creatures (collateral kills)
  A kobold (D:1)
1 creature vanquished.

Grand Total: 6 creatures vanquished

Notes
Turn   | Place    | Note
-------+----------+-------------------------------------------
     0 | D:1      | CaptainMV the Demonspawn Wanderer began the quest for the
                  | Orb.
     0 | D:1      | CaptainMV set off with the following items: a +2 dagger, 3
                  | curare-tipped darts, a wand of flame (6), a scroll of
                  | teleportation, a +0 robe; and the following spell
                  | memorised: Summon Small Mammal; and the following spells
                  | available to memorise: Summon Guardian Golem.
     0 | D:1      | Reached XP level 1. HP: 13/13 MP: 3/3
    79 | D:1      | Found a faded altar of an unknown god.
   101 | D:1      | Reached skill level 4 in Throwing
   122 | D:1      | Frozen to death by an endoplasm

Illustrated notes

Levels and vault maps discovered:
D:1:      dpeg_arrival_arbitrary_c, layout_basic,
          hellmonk_ecumenical_altar_lost_god

Skill      XL: |  1 |
---------------+----+-----
Throwing       | 4 |  4.0
Dodging        | |  1.0
Spellcasting   | |  2.0
Summonings     | |  1.0
Invocations    | |  1.2
Evocations     | |  1.0

Action                   || total
-------------------------++-------
Melee: Dagger            ||    23
 Cast: Summon Small Mamm ||     2
Armor: Robe              ||     4
Dodge: Dodged            ||    14
